 Dungeon Crawl Stone Soup version 0.32-a0-893-gf85d74f360 (webtiles) character file.

Game seed: 18431577385770058988

694 Ruich the Chopper (level 7, -13/56 HPs)
             Began as a Demonspawn Chaos Knight on Apr 4, 2024.
             Was a Plaything of Xom.
             Mangled by an ogre
             ... wielding a +0 giant spiked club
              (16 damage)
             ... on level 5 of the Dungeon.
             The game lasted 00:06:30 (3576 turns).

Ruich the Chopper (Demonspawn Chaos Knight)         Turns: 3576, Time: 00:06:31

Health: -13/56     AC: 14    Str: 17    XL:     7   Next: 37%
Magic:  7/7        EV: 10    Int: 12    God:    Xom [.*....]
Gold:   175        SH:  0    Dex: 17    Spells: 6/6 levels left

rFire   . . .        y - +0 hand axe (vamp)
rCold   . . .        (no shield)
rNeg    . . .        b - +2 leather armour
rPois   .            (no helmet)
rElec   +            (no cloak)
rCorr   .            (no gloves)
SInv    .            (no boots)
Will    .....        k - amulet of the acrobat Stlth
                     m - ring "Fagad" {Fly rElec Str+2 Dex+5 Stlth-}
HPRegen 0.29/turn    (no ring)
MPRegen 0.10/turn

%: acrobat
@: sanguine armoured, flying
A: hooves 2, powered by pain 2, sanguine armour 2
a: Renounce Religion


You were on level 5 of the Dungeon.
You worshipped Xom.
You were a plaything of Xom.
You visited 1 branch of the dungeon, and saw 5 of its levels.

You collected 175 gold pieces.


Innate Abilities, Weirdness & Mutations

You have hoof-like feet.
You sometimes gain power by taking damage.
When seriously injured, your blood forms thick armour. (AC +9)


   Skills:
 + Level 5.5 Fighting
 * Level 6.6 Axes
 - Level 1.7 Armour
 - Level 0.8 Dodging


You had 6 spell levels left.
You didn't know any spells.
Your spell library was empty.

Inventory:

Hand Weapons
 a - a +1 hand axe of chaos
 y - a +0 vampiric hand axe (weapon)
Armour
 b - a +2 leather armour (worn)
 g - a +0 plate armour
 l - a +0 ring mail
Jewellery
 k - an amulet of the acrobat (around neck)
 m - the ring "Fagad" (left hand) {Fly rElec Str+2 Dex+5 Stlth-}
   (You acquired it on level 4 of the Dungeon)

   [ring of flight]

   Str+2:     It affects your strength (+2).
   Dex+5:     It affects your dexterity (+5).
   rElec:     It insulates you from electricity.
   Fly:       It grants you flight.
   Stlth-:    It makes you less stealthy.
Talismans
 j - a serpent talisman
Wands
 r - a wand of charming (7)
Scrolls
 c - a scroll of butterflies
 d - 2 scrolls of noise
 e - a scroll of teleportation {@r2}
 p - a scroll of amnesia
 q - a scroll of brand weapon {unknown}
 u - a scroll of enchant armour {unknown}
 v - a scroll of identify {@r1}
 w - a scroll of fog {unknown}
Potions
 f - a potion of mutation {unknown}
 h - 3 potions of haste {@q3}
 i - a potion of attraction {unknown}
 n - a potion of might {unknown}
 o - 3 potions of ambrosia {unknown}
 s - a potion of enlightenment {unknown}
 t - 2 potions of degeneration {unknown}
 x - a potion of curing {unknown}

Dungeon Overview and Level Annotations

Branches:
Dungeon (5/15) Zot: 26402
 Temple: D:4-7

Altars:
Gozag

Shops:
D:3

:* ###### ### ###..#.###
#.## #........### ##..##
#........@.####....#
#.......SO†.#.....## #
#............<...S.#...#
#.....................
#.....##...........S.....
#....###>..........).....
#.##...##.....)..#........
#. .............##.##.....
# .........§........#.....


You could see an ogre and an adder.


Message History

The ogre is heavily wounded.
You hit the phantom but do no damage. You hit the adder.
The phantom closely misses you. The adder completely misses you.
You barely miss the ogre. You kick the ogre.
The ogre is heavily wounded.
You hit the phantom.
You destroy the phantom!
You closely miss the adder. The ogre barely misses you.
The adder barely misses you.
You slash the ogre!
You feel better.
The ogre is almost dead.
You hit the adder. The adder bites you but does no damage.
* * * LOW HITPOINT WARNING * * *
Xom is amused.
Unknown command.
Unknown command.
You hit the ogre but do no damage. Your kick misses the ogre.
The ogre is almost dead.
You hit the adder.
You kill the adder!
Xom makes a sudden noise!
You hear a bark!
Unknown command.
Unknown command.
Unknown command.
Unknown command.
You hit the ogre.
You feel better.
The ogre is almost dead.
You closely miss the adder. The adder misses you.
You die...
Xom cackles wildly!

Skill      XL: |  1  2  3  4  5  6 |
---------------+-------------------+-----
Axes           | 3 4 5 6 |  6.6
Fighting       | 4 5 |  5.5
Armour         | |  1.7
Dodging        | |  0.8

Action                     |  1- 3 |  4- 6 |  7- 9 || total
---------------------------+-------+-------+-------++-------
  Melee: Hand axe          |   128 |    80 |    27 ||   235
         Kick              |    18 |    24 |     9 ||    51
    Use: Scroll            |       |     7 |       ||     7
   Stab: Confused          |       |     1 |       ||     1
 Armour: Leather armour    |    70 |    39 |    20 ||   129
  Dodge: Dodged            |    63 |    58 |    15 ||   136

Levels and vault maps discovered:
D:1:      saegor_arrival_simple_d, layout_basic, minmay_stone_trees_small,
          hangedman_decor_points
D:2:      layout_basic, basic_altar, nicolae_figureground_pulse
D:3:      layout_loops_ring, nicolae_gozag_zags_fifth_avenue,
          nicolae_shop_vocational
D:4:      layout_cave_pools, hangedman_abyss_or_decor_passed, bh_walls_and_bars
D:5:      layout_cave_pools

Notes
Turn   | Place    | Note
-------+----------+-------------------------------------------
     0 | D:1      | Ruich the Demonspawn Chaos Knight began the quest for the
                  | Orb.
     0 | D:1      | Reached XP level 1. HP: 18/18 MP: 1/1
    39 | D:1      | You fall into a shaft and drop 1 floor!
   146 | D:2      | XOM: confuse monster(s)
   169 | D:2      | Reached skill level 3 in Axes
   174 | D:2      | Gained mutation: You have large cloven feet. [demonic
                  | ancestry]
   174 | D:2      | Reached XP level 2. HP: 22/24 MP: 2/2
   566 | D:2      | Found an opulent altar of Gozag.
   762 | D:2      | XOM: 1-stop teleportation journey
   901 | D:1      | Gained mutation: You sometimes gain a little power by
                  | taking damage. [demonic ancestry]
   901 | D:1      | Reached XP level 3. HP: 26/29 MP: 3/3
  1722 | D:3      | Found Lunol's Vocational Training.
  1748 | D:3      | Found an opulent altar of Gozag.
  1749 | D:3      | Found Gozag's Platinum Reserve.
  1870 | D:3      | XOM: silly message
  2209 | D:4      | Noticed a phantom
  2228 | D:4      | Killed a phantom
  2229 | D:4      | Reached skill level 4 in Fighting
  2229 | D:4      | Reached skill level 4 in Axes
  2229 | D:4      | Gained mutation: You sometimes gain power by taking damage.
                  | [demonic ancestry]
  2229 | D:4      | Reached XP level 4. HP: 32/37 MP: 4/4
  2229 | D:4      | Gained mutation: You have hoof-like feet. [demonic
                  | ancestry]
  2229 | D:4      | Reached XP level 5. HP: 36/42 MP: 5/5
  2244 | D:4      | XOM: 1-stop teleportation journey
  2575 | D:4      | Identified a scroll of acquirement
  2575 | D:4      | Acquired the ring "Fagad" {Fly rElec Str+2 Dex+5 Stlth-}
  2604 | D:4      | XOM: confusion (+ monsters)
  2736 | D:4      | XOM: 1-stop teleportation journey
  2769 | D:4      | Reached skill level 5 in Axes
  2979 | D:4      | Gained mutation: When seriously injured, your blood forms
                  | armour. (AC +9) [demonic ancestry]
  2979 | D:4      | Reached XP level 6. HP: 32/49 MP: 6/6
  3135 | D:5      | Entered Level 5 of the Dungeon
  3153 | D:5      | Reached skill level 5 in Fighting
  3180 | D:5      | Reached skill level 6 in Axes
  3187 | D:5      | Noticed an ice beast
  3188 | D:5      | XOM: fog
  3205 | D:4      | Gained mutation: When seriously injured, your blood forms
                  | thick armour. (AC +9) [demonic ancestry]
  3205 | D:4      | Reached XP level 7. HP: 39/56 MP: 7/7
  3574 | D:5      | HP: 1/56 [ogre/+0 giant spiked club (23)]
  3575 | D:5      | XOM: noise
  3576 | D:5      | Mangled by an ogre

Vanquished Creatures
  An ice beast (D:4)
  An ogre (D:5)
  2 phantoms
  A scorpion (D:5)
  A bombardier beetle (D:4)
  2 hounds (D:4)
  2 orc priests (D:5)
  An iguana (D:4)
  An orc wizard (D:4)
  5 adders
  6 orcs
  2 bats (D:3)
  7 endoplasms
  2 giant cockroaches (D:3)
  6 goblins
  3 hobgoblins
  2 jackals (D:2)
  4 quokkas
  7 ball pythons
  3 frilled lizards
  8 kobolds
  4 rats
71 creatures vanquished.

Vanquished Creatures (others)
  An endoplasm (D:3)
1 creature vanquished.

Grand Total: 72 creatures vanquished

Table legend: (Time is in decaauts)
 A = Elapsed time spent in this place.
 B = Non-inter-level travel time spent in this place.
 C = Inter-level travel time spent in this place.
 D = Time resting spent in this place.
 E = Time spent auto-exploring this place.
 F = Levels seen in this place.
 G = Mean time per level.
                   A        B        C        D        E       F      G
               +--------+--------+--------+--------+--------+-----+--------+
         Total |   3596 |   3353 |    243 |    605 |   2127 |   5 |  719.2 |
       Dungeon |   3596 |   3353 |    243 |    605 |   2127 |   5 |  719.2 |
               +--------+--------+--------+--------+--------+-----+--------+

Top non-repeatable levels by time:
     D:4: 1062 daAuts
     D:3: 1031 daAuts
     D:2: 842 daAuts
     D:1: 540 daAuts
     D:5: 119 daAuts

Table legend:
 A = Non-vault XP
 B = Vault XP
 C = Vault XP percentage of total XP
 D = Non-vault monster count
 E = Vault monster count
 F = Vault count percentage of total count
                 A         B        C        D         E       F
            +---------+---------+-------+---------+---------+-------
      Total |     992 |       0 |   0.0 |      71 |       0 |   0.0
            +---------+---------+-------+---------+---------+-------
        D:1 |      17 |       0 |   0.0 |      10 |       0 |   0.0
        D:2 |      33 |       0 |   0.0 |      14 |       0 |   0.0
        D:3 |      44 |       0 |   0.0 |      18 |       0 |   0.0
        D:4 |     491 |       0 |   0.0 |      21 |       0 |   0.0
        D:5 |     407 |       0 |   0.0 |       8 |       0 |   0.0
            +---------+---------+-------+---------+---------+-------
